 Dungeon Crawl Stone Soup version 0.29-a0-284-gf9362112df (webtiles) character file.

Game seed: 2898019181221515312

16626 quinnr the Zephyrmancer (level 12, -1/72 HPs)
             Began as a Tengu Air Elementalist on Mar 17, 2022.
             Was an Elder of Vehumet.
             Succumbed to a redback's poison
             ... on level 12 of the Dungeon on Mar 18, 2022.
             The game lasted 00:39:28 (18280 turns).

quinnr the Zephyrmancer (Tengu Air Elementalist)   Turns: 18280, Time: 00:39:29

Health: -1/72      AC:  3    Str:  8    XL:     12   Next: 39%
Magic:  17/23      EV: 21    Int: 19    God:    Vehumet [****..]
Gold:   640        SH:  5    Dex: 17    Spells: 7/25 levels left

rFire   + . .      SeeInvis .   e - +2 dagger (venom)
rCold   . . .      Faith    .   A - orb {light}
rNeg    . . .      Spirit   .   a - +0 robe
rPois   .          Reflect  +   (helmet restricted)
rElec   .          Harm     .   (no cloak)
rCorr   +          Rampage  .   C - +0 pair of gloves
Will    .....                   (boots unavailable)
Stlth   ++........              f - amulet of reflection
HPRegen 0.22/turn               n - ring of protection from fire
MPRegen 0.18/turn               r - ring of resist corrosion

@: lethally poisoned (-1 -> -29), flying quickly and evasively, glowing, quick
A: beak, talons 3, nimble flight
a: Renounce Religion


You were on level 12 of the Dungeon.
You worshipped Vehumet.
Vehumet was greatly pleased with you.
You visited 2 branches of the dungeon, and saw 14 of its levels.

You collected 640 gold pieces.

Inventory:

Hand Weapons
 e - a +2 dagger of venom (weapon)
Missiles
 J - a throwing net
Armour
 a - a +0 robe (worn)
 A - an orb of light (worn)
 C - a +0 pair of gloves (worn)
Jewellery
 f - an amulet of reflection (around neck)
 n - a ring of protection from fire (left hand)
 r - a ring of resist corrosion (right hand)
 v - a +6 ring of dexterity
 B - a +6 ring of dexterity
 I - a ring of ice
Wands
 E - a wand of polymorph (10)
Scrolls
 c - 3 scrolls of immolation
 d - 3 scrolls of enchant armour {unknown}
 g - 4 scrolls of noise {unknown}
 h - 5 scrolls of amnesia
 j - 3 scrolls of teleportation {unknown}
 m - a scroll of fog {unknown}
 p - 3 scrolls of holy word {unknown}
 q - 2 scrolls of fear {unknown}
 x - a scroll of vulnerability
 y - a scroll of summoning
 G - a scroll of brand weapon
Potions
 b - 2 potions of magic
 i - 2 potions of haste
 k - 2 potions of flight
 l - 4 potions of ambrosia
 o - 3 potions of invisibility
 s - a potion of lignification
 t - 5 potions of curing
 u - 3 potions of might
 w - a potion of attraction
 z - 3 potions of resistance
 H - 2 potions of heal wounds
 K - a potion of degeneration


   Skills:
 - Level 7.0 Fighting
 + Level 4.2 Short Blades
 - Level 10.0 Dodging
 - Level 7.0 Stealth
 + Level 7.0 Spellcasting
 - Level 6.0 Conjurations
 + Level 1.4 Fire Magic
 - Level 14.0 Air Magic
 - Level 4.0 Poison Magic
 - Level 4.0 Evocations


You had 7 spell levels left.
You knew the following spells:

 Your Spells              Type           Power      Damage    Failure   Level
a - Shock                 Conj/Air       100%       1d9       1%          1
b - Airstrike             Air            28%        N/A       1%          4
c - Static Discharge      Conj/Air       44%        N/A       1%          2
d - Poisonous Vapours     Pois/Air       80%        N/A       1%          2
e - Mephitic Cloud        Conj/Pois/Air  37%        N/A       1%          3
f - Swiftness             Air            56%        N/A       1%          3
g - Conjure Flame         Conj/Fire      20%        6-21      1%          3

Your spell library contained the following spells:

 Spells                   Type           Power      Damage    Failure   Level
 Foxfire                  Conj/Fire      80%        2x1d8     1%          1
 Magic Dart               Conj           100%       1d8       1%          1
 Searing Ray              Conj           58%        2d6       1%          2
 Sandblast                Erth           12%        2d6       2%          1
 Stone Arrow              Conj/Erth      36%        3d9       2%          3
 Inner Flame              Hex/Fire       9%         N/A       6%          3
 Flame Wave               Conj/Fire      20%        2d7       6%          4
 Fulminant Prism          Conj/Hex       9%         3d7       8%          4
 Passwall                 Tmut/Erth      5%         N/A       16%         2
 Confusing Touch          Hex            6%         N/A       30%         3
 Lee's Rapid Deconstruct  Erth           3%         3d6*      54%         5
 Yara's Violent Unravell  Hex/Tmut       3%         3d4       54%         5
 Leda's Liquefaction      Hex/Erth       3%         N/A       69%         4
 Statue Form              Tmut/Erth      4%         N/A       100%        6
 Enfeeble                 Hex            3%         N/A       100%        7


Dungeon Overview and Level Annotations

Branches:
Dungeon (13/15)            Temple (1/1) D:4            Lair (0/6) D:11
    Orc (0/2) D:12
 Vaults: D:13-14

Altars:
Ashenzari
Cheibriados
Dithmenos
Elyvilon
Fedhas
Gozag
Hepliaklqana
Kikubaaqudgha
Makhleb
Nemelex Xobeh
Okawaru
Qazlal
Ru
Sif Muna
Trog
Uskayaw
Vehumet
Wu Jian
Xom
Yredelemnul
Zin
The Shining One

Shops:
D:13 (


Innate Abilities, Weirdness & Mutations

You have a beak for a mouth.
You have claws for feet.
Your magical nature lets you fly swiftly and evasively.


Message History

The redback bites you!
The jumping spider hisses angrily.
The redback misses you.
There is a stone staircase leading up here.
Casting: Shock (safe; 1% risk of failure)
Confirm with . or Enter, or press ? or * to list all spells.
The redback is struck by an arc of lightning!
The redback is moderately wounded.
You are struck by an arc of lightning.
The redback is struck by an arc of lightning.
The redback is heavily wounded.
The lightning grounds out.
The redback bites you! The redback bites you.
Unknown command.
Casting: Static Discharge (safe; 1% risk of failure)
Confirm with . or Enter, or press ? or * to list all spells.
The redback is struck by an arc of lightning.
The redback is severely wounded.
You are struck by an arc of lightning.
The lightning grounds out.
The redback bites you!
You are lethally poisoned!
The redback poisons you!
Unknown command.
Unknown command.
Casting: Static Discharge (safe; 1% risk of failure)
Confirm with . or Enter, or press ? or * to list all spells.
The redback is struck by an arc of lightning!
The redback is almost dead.
You are struck by an arc of lightning.
The lightning grounds out.
* * * LOW HITPOINT WARNING * * *
You feel extremely sick.
The jumping spider leaps!
You block the redback's attack. The redback misses you.
Unknown command.
Unknown command.
* * * LOW HITPOINT WARNING * * *
You feel extremely sick.
The jumping spider leaps!
The redback completely misses you. The floating eye seems to glare at you.
You fly upwards.
You die...

#######'### ########'### #.....#
##(# ####.##### #..# #....# #.##
#.#### ####.#### #.# #......^#
##.######## #.......#
#.........# ######....).<####
#.........####.@s............##
#..............####....(..##..##
#.........###### #.......###...
#^........# #....<..# ####
####.###### ###.##### #.# #.#
#.## #.# #..## ####.# ##..#
#....#


You could see a redback.

Vanquished Creatures
  Erolcha (D:13)
  An ogre mage (D:10)
  6 two-headed ogres
  An ugly thing (D:7)
  An unseen horror (D:12)
  A komodo dragon (D:13)
  4 trolls
  2 hornets
  2 vampires
  5 wraiths
  A yak (shapeshifter) (D:13)
  3 steam dragons
  10 yaks
  4 wyverns
  A basilisk (D:12)
  A redback (D:13)
  3 vampire mosquitoes (D:11)
  2 two-headed ogre zombies (D:12)
  Menkaure (D:7)
  6 water moccasins
  2 orc warriors
  A sky beast (D:8)
  2 ice beasts (D:7)
  5 ogres
  2 centaurs
  2 wolves (D:11)
  A kobold brigand (D:8)
  4 bullfrogs
  2 necrophages (D:7)
  A wyvern zombie (D:7)
  A water moccasin zombie (D:7)
  20 wights
  16 killer bees
  3 howler monkeys
  A centaur zombie (D:7)
  6 hounds
  6 orc priests
  2 jellies
  6 iguanas
  6 orc wizards
  A killer bee zombie (D:7)
  6 ogre zombies (D:12)
  A howler monkey zombie (D:7)
  A mummy (D:7)
  4 adders
  A gnoll (D:7)
  A white imp (D:6)
  2 ufetubi (D:6)
  A worm (D:2)
  3 dart slugs
  25 orcs
  8 endoplasms
  A giant cockroach (D:2)
  7 goblins
  4 hobgoblins
  3 jackals (D:4)
  13 kobolds
  4 quokkas
  6 ball pythons
  6 bats
  A frilled lizard (D:2)
  A goblin zombie (D:12)
  A hobgoblin skeleton (D:12)
  5 hobgoblin zombies (D:12)
  2 orc skeletons (D:12)
  16 orc zombies (D:12)
  3 rats
272 creatures vanquished.

Vanquished Creatures (others)
  2 withered plants (D:7)
2 creatures vanquished.

Grand Total: 274 creatures vanquished

Notes
Turn   | Place    | Note
-------+----------+-------------------------------------------
     0 | D:1      | quinnr the Tengu Air Elementalist began the quest for the
                  | Orb.
     0 | D:1      | Reached XP level 1. HP: 10/10 MP: 4/4
   245 | D:1      | Reached XP level 2. HP: 10/15 MP: 1/6
   924 | D:1      | Reached skill level 5 in Air Magic
  1201 | D:2      | Reached XP level 3. HP: 19/19 MP: 5/7
  1400 | D:2      | Found a blossoming altar of Fedhas.
  1444 | D:2      | Found a faded altar of an unknown god.
  2314 | D:3      | Found an ancient bone altar of Kikubaaqudgha.
  2437 | D:3      | Reached skill level 6 in Air Magic
  2845 | D:3      | Reached XP level 4. HP: 24/24 MP: 6/8
  2899 | D:3      | Found a stormy altar of Qazlal.
  3314 | D:4      | Reached skill level 7 in Air Magic
  3578 | D:4      | Gained mutation: Your magical nature lets you fly swiftly
                  | and evasively. [Tengu growth]
  3578 | D:4      | Reached XP level 5. HP: 28/28 MP: 4/9
  4173 | D:4      | Reached skill level 1 in Fighting
  4173 | D:4      | Reached skill level 1 in Short Blades
  4237 | D:4      | Reached XP level 6. HP: 34/34 MP: 7/10
  4460 | D:4      | Learned a level 4 spell: Airstrike
  4572 | D:4      | Reached skill level 8 in Air Magic
  4683 | D:4      | Reached skill level 9 in Air Magic
  4683 | D:4      | Reached XP level 7. HP: 23/40 MP: 1/11
  4916 | D:4      | Found a staircase to the Ecumenical Temple.
  4968 | Temple   | Entered the Ecumenical Temple
  5052 | Temple   | Became a worshipper of Vehumet
  5461 | D:4      | Found an ornate altar of the Wu Jian Council.
  5563 | D:5      | Entered Level 5 of the Dungeon
  5567 | D:5      | Reached skill level 10 in Air Magic
  5899 | D:5      | Reached skill level 11 in Air Magic
  5899 | D:5      | Reached XP level 8. HP: 41/44 MP: 0/12
  6289 | D:5      | Reached skill level 12 in Air Magic
  7481 | D:5      | Learned a level 2 spell: Static Discharge
  7518 | D:5      | Noticed a wyvern
  7525 | D:5      | Killed a wyvern
  7735 | D:5      | Found a shimmering blue altar of Sif Muna.
  8139 | D:6      | Reached XP level 9. HP: 52/52 MP: 9/16
  8219 | D:6      | Reached skill level 5 in Fighting
  9002 | D:7      | Found an iron altar of Okawaru.
  9116 | D:7      | Reached skill level 5 in Spellcasting
  9629 | D:7      | Reached * piety under Vehumet
  9629 | D:7      | Offered knowledge of Magic Dart by Vehumet.
 10478 | D:7      | Reached skill level 5 in Stealth
 10534 | D:7      | Noticed a troll
 10538 | D:7      | Killed a troll
 10539 | D:7      | Reached skill level 5 in Dodging
 10604 | D:7      | Reached XP level 10. HP: 59/59 MP: 11/20
 11023 | D:7      | Noticed Menkaure
 11026 | D:7      | Killed Menkaure
 11595 | D:8      | Noticed a brown ugly thing
 11621 | D:7      | Killed a green ugly thing
 11622 | D:7      | HP: 3/60 [poisoned by a green ugly thing]
 12212 | D:8      | Offered knowledge of Poisonous Vapours by Vehumet.
 12389 | D:8      | Reached ** piety under Vehumet
 12599 | D:8      | Reached skill level 13 in Air Magic
 13016 | D:8      | Learned a level 2 spell: Poisonous Vapours
 13369 | D:9      | Reached skill level 1 in Poison Magic
 13370 | D:9      | Offered knowledge of Mephitic Cloud by Vehumet.
 13372 | D:9      | Reached XP level 11. HP: 49/67 MP: 12/21
 13376 | D:8      | quinnr: ??static discharge
 13376 | D:8      | beem: static discharge[1/2]: Hits between 1 and 8 adjacent
                  | enemies, based on power; if an enemy is rElec, skip them.
                  | For each target hit, if power remains, recursively arc out
                  | to another adjacent target (includes you, but for low
                  | damage), reducing power to 1/2 or 1/3. Checks rElec when
                  | hitting you. Hits invisible and flying enemies.
 13530 | D:9      | Noticed a two-headed ogre
 13544 | D:9      | Killed a two-headed ogre
 13545 | D:9      | Reached skill level 14 in Air Magic
 13815 | D:9      | Noticed a two-headed ogre
 13831 | D:9      | Killed a two-headed ogre
 14178 | D:9      | Reached *** piety under Vehumet
 14685 | D:10     | Entered Level 10 of the Dungeon
 14897 | D:10     | Noticed a two-headed ogre
 14897 | D:10     | Noticed an ogre mage
 14932 | D:10     | Killed a two-headed ogre
 14938 | D:10     | Killed an ogre mage
 15254 | D:10     | Noticed a two-headed ogre
 15258 | D:10     | Killed a two-headed ogre
 15259 | D:10     | Reached skill level 10 in Dodging
 15343 | D:10     | Learned a level 3 spell: Mephitic Cloud
 15451 | D:10     | Noticed a two-headed ogre
 15459 | D:10     | Killed a two-headed ogre
 15526 | D:10     | Noticed a two-headed ogre
 15535 | D:10     | Killed a two-headed ogre
 15870 | D:10     | Learned a level 3 spell: Swiftness
 16100 | D:10     | Found a hazy altar of Hepliaklqana.
 16388 | D:11     | Reached XP level 12. HP: 59/72 MP: 17/22
 16398 | D:11     | Reached skill level 5 in Conjurations
 16746 | D:11     | Found a staircase to the Lair.
 16963 | D:11     | You are sucked into a shaft and drop 1 floor!
 17135 | D:12     | Offered knowledge of Frozen Ramparts by Vehumet.
 17255 | D:12     | Found a staircase to the Orcish Mines.
 17632 | D:12     | Found a bloodstained altar of Trog.
 17796 | D:12     | Reached **** piety under Vehumet
 17829 | D:12     | Offered knowledge of Yara's Violent Unravelling by Vehumet.
 18092 | D:12     | Learned a level 3 spell: Conjure Flame
 18180 | D:13     | Found Kenyac's Weapon Shoppe.
 18188 | D:13     | Noticed Erolcha
 18199 | D:13     | Killed Erolcha
 18200 | D:13     | Reached skill level 1 in Fire Magic
 18280 | D:12     | Succumbed to a redback's poison

Illustrated notes

Levels and vault maps discovered:
D:1:      minmay_arrival_radiant_lines, layout_loops_ring
D:2:      cheibrodos_helix_gallery, layout_loops_corners,
          shapermc_ecumenical_altar_ellora, basic_altar, kennysheep_path_1
D:3:      layout_basic, nicolae_kikubaaqudgha_miasma_corner,
          mainiacjoe_overflow_six_doors_small, hangedman_decor_riveting
D:4:      layout_basic, lemuel_doored_altar, minmay_temple_entry_stoned_glass,
          st_stairs_1
D:5:      layout_basic, nicolae_sif_muna_little_library
D:6:      layout_basic
D:7:      layout_basic, okawaru_trees_2, serial_undead, serial_undead_b,
          serial_undead_f, serial_undead_d, serial_undead_e, serial_undead_b,
          serial_undead_d, grunt_tough_drop, uniq_menkaure
D:8:      layout_cave_pods
D:9:      layout_cave_pools
D:10:     layout_long_grid, nicolae_hepliaklqana_hippocampus
D:11:     layout_cave_pods, erik_lair_island, chequers_serial_rivers_large_b,
          hangedman_batty
D:12:     layout_roguey, zombieorc2_lemuel, gauntlet_entry_generic, bloody_trog
D:13:     layout_long_grid, david_vaults_2, serial_shops,
          nicolae_shop_advertising_works [nicolae_subvault_shop_adworks],
          nicolae_shop_bloodbath_and_beyond, shop, amethyst_killhole,
          minmay_dual_archer_statues, uniq_erolcha
Temple:   lightli_temple_of_artemis

Skill      XL: |  1  2  3  4  5  6  7  8  9 10 11 12 |
---------------+-------------------------------------+-----
Air Magic      | 5 6 7 9 11 12 13 14 | 14.0
Fighting       | 1 2 4 5 7 |  7.0
Short Blades   | 1 2 4 |  4.2
Spellcasting   | 4 6 7 |  7.0
Stealth        | 3 5 7 |  7.0
Dodging        | 5 8 10 | 10.0
Poison Magic   | 1 4 |  4.0
Evocations     | 4 |  4.0
Conjurations   | 4 6 |  6.0
Fire Magic     | 1 |  1.4

Action                   |  1- 3 |  4- 6 |  7- 9 | 10-12 || total
-------------------------+-------+-------+-------+-------++-------
Melee: Unarmed           |     6 |       |       |       ||     6
       Kick              |     3 |     3 |     4 |    38 ||    48
       Dagger            |     2 |     6 |    14 |    65 ||    87
       Peck              |     1 |       |     1 |    20 ||    22
 Cast: Shock             |    83 |    69 |   194 |   260 ||   606
       Airstrike         |       |       |    29 |    82 ||   111
       Static Discharge  |       |       |     8 |    42 ||    50
       Poisonous Vapours |       |       |       |    39 ||    39
       Mephitic Cloud    |       |       |       |     9 ||     9
Evoke: Wand              |       |       |       |     1 ||     1
  Use: Potion            |       |       |       |     3 ||     3
       Scroll            |       |       |       |    18 ||    18
 Stab: Sleeping          |       |       |       |     1 ||     1
       Confused          |       |       |       |     3 ||     3
Armor: Robe              |     4 |     2 |     5 |     7 ||    18
Dodge: Dodged            |    17 |    10 |    67 |   125 ||   219
Block: Other             |       |     5 |    23 |    29 ||    57
       Reflection        |       |     1 |       |       ||     1
       Orb               |       |       |       |    10 ||    10

Table legend: (Time is in decaauts)
 A = Elapsed time spent in this place.
 B = Non-inter-level travel time spent in this place.
 C = Inter-level travel time spent in this place.
 D = Time resting spent in this place.
 E = Time spent auto-exploring this place.
 F = Levels seen in this place.
 G = Mean time per level.
                   A        B        C        D        E       F      G
               +--------+--------+--------+--------+--------+-----+--------+
         Total |  17593 |  16912 |    681 |   3159 |  11359 |  14 | 1256.6 |
       Dungeon |  17496 |  16831 |    665 |   3159 |  11288 |  13 | 1345.8 |
        Temple |     96 |     80 |     16 |      0 |     71 |   1 |   96.0 |
               +--------+--------+--------+--------+--------+-----+--------+

Top non-repeatable levels by time:
     D:4: 2513 daAuts
     D:7: 2356 daAuts
     D:5: 1829 daAuts
     D:8: 1781 daAuts
     D:6: 1693 daAuts
    D:10: 1181 daAuts
    D:12: 1168 daAuts
     D:2: 1116 daAuts
     D:1: 1110 daAuts
     D:9: 1063 daAuts
     D:3: 943 daAuts
    D:11: 650 daAuts
  Temple: 96 daAuts
    D:13: 89 daAuts
